 Dungeon Crawl Stone Soup version 0.29-a0-885-gb26ba3297d (webtiles) character file.

Game seed: 14367734242054557925

112 xian the Firebug (level 4, 0/24 HPs)
             Began as a Tengu Fire Elementalist on July 21, 2022.
             Was an Initiate of Gozag.
             Slain by a gnoll
             ... wielding a +2 spear of freezing
              (3 damage)
             ... on level 4 of the Dungeon.
             The game lasted 00:09:02 (3223 turns).

xian the Firebug (Tengu Fire Elementalist)          Turns: 3223, Time: 00:09:04

Health: 0/24       AC:  3    Str:  8    XL:     4   Next: 95%
Magic:  2/9        EV: 12    Int: 21    God:    Gozag
Gold:   183        SH:  0    Dex: 15    Spells: 3/9 levels left

rFire   . . .      SeeInvis +   e - +0 dagger
rCold   . . .      Faith    .   (no shield)
rNeg    . . .      Spirit   .   k - +1 robe "Kefonud" {Int+4 SInv}
rPois   .          Reflect  .   (helmet restricted)
rElec   .          Harm     .   (no cloak)
rCorr   .          Rampage  .   (no gloves)
Will    .....                   (boots unavailable)
Stlth   ++........              (no amulet)
HPRegen 0.08/turn               (no ring)
MPRegen 0.11/turn               (no ring)

@: gold aura
A: beak, talons 3
a: Renounce Religion, Potion Petition, Call Merchant, Bribe Branch


You were on level 4 of the Dungeon.
You worshipped Gozag.
Gozag was aware of your devotion.
You visited 1 branch of the dungeon, and saw 4 of its levels.

You collected 246 gold pieces.
You paid 63 gold pieces to Gozag.

Inventory:

Hand Weapons
 e - a +0 dagger (weapon)
Missiles
 a - 4 boomerangs of dispersal
Armour
 k - the +1 robe "Kefonud" (worn) {Int+4 SInv}
   (You found it on level 2 of the Dungeon)

   Int:       It affects your intelligence (+4).
   SInv:      It lets you see invisible.
Scrolls
 c - 4 scrolls of teleportation
 d - a scroll of poison
 f - a scroll of enchant armour
 i - a scroll of blinking
 j - a scroll of immolation {unknown}
Potions
 b - 2 potions of magic
 g - a potion of attraction {unknown}
 h - a potion of heal wounds {unknown}
 l - 2 potions of brilliance {unknown}
 m - a potion of haste {unknown}


   Skills:
 + Level 0.2 Short Blades
 + Level 2.4 Dodging
 + Level 2.2 Stealth
 + Level 3.0 Spellcasting
 + Level 2.5 Conjurations
 + Level 4.6 Fire Magic


You had 3 spell levels left.
You knew the following spells:

 Your Spells              Type           Power      Damage    Failure   Level
a - Foxfire               Conj/Fire      72%        2x1d7     3%          1
b - Scorch                Fire           44%        2d7       3%          2
c - Conjure Flame         Conj/Fire      18%        6-21      9%          3

Your spell library contained the following spells:

 Spells                   Type           Power      Damage    Failure   Level
 Inner Flame              Hex/Fire       12%        N/A       16%         3
 Call Canine Familiar     Summ           3%         N/A       36%         3
 Portal Projectile        Hex/Tloc       6%         N/A       36%         3
 Flame Wave               Conj/Fire      18%        2d6       30%         4
 Leda's Liquefaction      Hex/Erth       1%         N/A       78%         4


Dungeon Overview and Level Annotations

Branches:
Dungeon (4/15)
 Temple: D:4-7

Altars:
Gozag


Innate Abilities, Weirdness & Mutations

You have a beak for a mouth.
You have claws for feet.


Message History

The gnoll is moderately wounded.
A gnoll comes into view. It is wielding a +2 spear of freezing.
Your foxfire dissipates!
You conjure some foxfire!
The foxfire hits the gnoll.
The gnoll is heavily wounded.
The foxfire hits the gnoll.
The gnoll is almost dead.
You miscast Foxfire.
You are very lightly contaminated with residual magic.
Nothing appears to happen.
The gnoll hits you with a +0 club. The gnoll attacks as you move away!
The gnoll hits you with a +0 club. The gnoll attacks as you move away!
The gnoll hits you with a +0 club!
You are too injured to fight recklessly!
You are too injured to fight recklessly!
Casting: Foxfire (safe; 3% risk of failure)
Press: ? - help, Q - select action, (/) - cycle Dir - look around, f - activate
Okay, then.
Casting: Foxfire (safe; 3% risk of failure)
Confirm with . or Enter, or press ? or * to list all spells.
You conjure some foxfire!
The gnoll barely misses you.
The foxfire hits the gnoll.
You kill the gnoll!
The foxfire hits the gnoll!
The gnoll is heavily wounded.
Your magical contamination has completely faded away.
Casting: Foxfire (safe; 3% risk of failure)
Confirm with . or Enter, or press ? or * to list all spells.
Flames lash the gnoll.
The gnoll is almost dead.
The gnoll's fire resistance burns away.
Casting: Scorch (safe; 3% risk of failure)
Confirm with . or Enter, or press ? or * to list all spells.
Flames lash the gnoll.
The gnoll is burned terribly!
You kill the gnoll!
The gnoll hits you from afar with a +2 spear of freezing!
* * * LOW HITPOINT WARNING * * *
The gnoll freezes you.
You die...
Your body crumbles into a pile of gold.

#.###..................
........).##.#.##.#####.
##.###....##.#.##... #.
#.>..##........# #.
#.........##...# #.
#.###......<..## #. #.
#.#.####..####.
#.###.###.#.####...)...
#.....@$.$........#
.........g.............
.###.######.##.##..####
# #.##.# ..# $ #.##.# .#
#.##.# .# #.##g# .
#.##.# .#


You could see a gnoll.

Vanquished Creatures
  3 gnolls
  3 adders
  2 worms
  2 dart slugs
  An orc (D:3)
  3 ball pythons
  5 endoplasms
  4 giant cockroaches
  6 goblins
  6 hobgoblins
  4 kobolds (D:1)
  5 bats
  5 frilled lizards
  9 rats
58 creatures vanquished.

Vanquished Creatures (others)
  108 foxfires
108 creatures vanquished.

Grand Total: 166 creatures vanquished

Notes
Turn   | Place    | Note
-------+----------+-------------------------------------------
     0 | D:1      | xian the Tengu Fire Elementalist began the quest for the
                  | Orb.
     0 | D:1      | Reached XP level 1. HP: 10/10 MP: 4/4
   335 | D:1      | Reached XP level 2. HP: 15/15 MP: 4/6
   338 | D:1      | Learned a level 2 spell: Scorch
  1145 | D:1      | Reached XP level 3. HP: 19/19 MP: 4/7
  1215 | D:1      | Reached skill level 4 in Fire Magic
  1992 | D:2      | Found a faded altar of an unknown god.
  2186 | D:2      | Reached XP level 4. HP: 19/24 MP: 3/9
  2403 | D:2      | Identified the +1 robe "Kefonud" {Int+4 SInv}
  2702 | D:2      | Learned a level 3 spell: Conjure Flame
  2891 | D:3      | Found an opulent altar of Gozag.
  2900 | D:3      | Became a worshipper of Gozag Ym Sagoz the Greedy
  3223 | D:4      | Slain by a gnoll

Illustrated notes

Levels and vault maps discovered:
D:1:      lightli_arrival_noodles, layout_basic, patterned_corridor
D:2:      layout_loops_ring, basic_ecumenical_altar, hex_large,
          grunt_ministairs_4
D:3:      layout_loops_ring, nicolae_gozag_seed_capital
D:4:      layout_loops_ring, uniq_pikel

Skill      XL: |  1  2  3  4 |
---------------+-------------+-----
Fire Magic     | 4 |  4.6
Conjurations   | 2 |  2.5
Spellcasting   | 3 |  3.0
Short Blades   | |  0.2
Dodging        | |  2.4
Stealth        | |  2.2

Action                   |  1- 3 |  4- 6 || total
-------------------------+-------+-------++-------
Melee: Kick              |     6 |       ||     6
       Unarmed           |     1 |       ||     1
       Dagger            |    24 |     7 ||    31
       Peck              |     6 |     2 ||     8
       Punch             |     1 |       ||     1
 Cast: Foxfire           |    51 |    27 ||    78
       Scorch            |    10 |    10 ||    20
       Conjure Flame     |       |     2 ||     2
  Use: Scroll            |     1 |     4 ||     5
 Stab: Sleeping          |       |     1 ||     1
Armor: Robe              |     7 |     5 ||    12
       Leather armour    |       |     5 ||     5
Dodge: Dodged            |    35 |    13 ||    48

Table legend: (Time is in decaauts)
 A = Elapsed time spent in this place.
 B = Non-inter-level travel time spent in this place.
 C = Inter-level travel time spent in this place.
 D = Time resting spent in this place.
 E = Time spent auto-exploring this place.
 F = Levels seen in this place.
 G = Mean time per level.
                   A        B        C        D        E       F      G
               +--------+--------+--------+--------+--------+-----+--------+
         Total |   3221 |   3169 |     52 |      0 |   2483 |   4 |  805.2 |
       Dungeon |   3221 |   3169 |     52 |      0 |   2483 |   4 |  805.2 |
               +--------+--------+--------+--------+--------+-----+--------+

Top non-repeatable levels by time:
     D:2: 1406 daAuts
     D:1: 1295 daAuts
     D:3: 367 daAuts
     D:4: 151 daAuts
